 Dungeon Crawl Stone Soup version 0.29-a0-356-g7bc237e783 (webtiles) character file.

Game seed: 16941439485167268271

1246 spaghetti the Covert (level 8, 0/40 HPs)
             Began as a Vine Stalker Fighter on Apr 26, 2022.
             Was a Priest of Fedhas.
             Slain by a mummy (5 damage)
             ... in an ossuary.
             The game lasted 00:09:56 (5708 turns).

spaghetti the Covert (Vine Stalker Fighter)         Turns: 5708, Time: 00:09:56

Health: 0/40       AC:  9    Str: 19    XL:     8   Next: 50%
Magic:  0/9        EV:  9    Int:  8    God:    Fedhas [***...]
Gold:   229        SH:  5    Dex: 19    Spells: 7/7 levels left

rFire   + + .      SeeInvis .   r - +8 dagger "Widowmaker" {vorpal, Drain rF+ Dex+3 Stlth+, short}
rCold   . . .      Faith    .   c - +0 buckler
rNeg    . . .      Spirit   +   b - +0 scale mail
rPois   .          Reflect  .   L - +1 helmet
rElec   .          Harm     .   k - +0 cloak
rCorr   +          Rampage  .   (no gloves)
Will    +....                   (no boots)
Stlth   +++++.....              x - amulet of regeneration {@e2}
HPRegen 1.73/turn               w - ring of protection from fire
MPRegen 0.11/turn               B - ring of resist corrosion

@: about to teleport
A: fangs 3, regeneration 1, magic shield, antimagic bite, no potion heal 2
a: Renounce Religion, Wall of Briars, Grow Ballistomycete


You were in an ossuary.
You worshipped Fedhas.
Fedhas was most pleased with you.
You visited 1 branch of the dungeon, and saw 7 of its levels.
You also visited: Ossuary.

You collected 383 gold pieces.
You spent 154 gold pieces at shops.


Innate Abilities, Weirdness & Mutations

You have razor-sharp teeth.
Your natural rate of healing is unusually fast.
When hurt, damage is shared between your health and your magic reserves.
Your bite disrupts and absorbs the magic of your enemies.
Potions cannot restore your health.


   Skills:
 - Level 3.1 Fighting
 - Level 3.0 Short Blades
 - Level 0.5 Throwing
 - Level 2.4 Armour
 - Level 1.2 Dodging
 + Level 11.6 Stealth
 - Level 2.6 Shields
 - Level 0.7 Invocations


You had 7 spell levels left.
You didn't know any spells.
Your spell library contained the following spells:

 Spells                   Type           Power      Damage    Failure   Level
 Animate Skeleton         Necr           0%         N/A       87%         1
 Pain                     Necr           0%         1d4       87%         1
 Ensorcelled Hibernation  Hex/Ice        0%         N/A       95%         2
 Passwall                 Tmut/Erth      0%         N/A       95%         2
 Sublimation of Blood     Necr           0%         N/A       95%         2
 Dazzling Flash           Conj/Hex       0%         N/A       99%         3
 Swiftness                Air            0%         N/A       99%         3
 Vampiric Draining        Necr           0%         2d6       99%         3
 Fulminant Prism          Conj/Hex       0%         3d6       100%        4
 Iskenderun's Mystic Bla  Conj/Tloc      0%         2d3       100%        4
 Petrify                  Tmut/Erth      0%         N/A       100%        4
 Summon Lightning Spire   Summ/Air       0%         N/A       100%        4
 Agony                    Necr           0%         N/A       100%        5
 Irradiate                Conj/Tmut      0%         3d13      100%        5
 Lee's Rapid Deconstruct  Erth           0%         3d5*      100%        5
 Silence                  Hex/Air        0%         N/A       100%        5
 Storm Form               Tmut/Air       0%         N/A       100%        7
 Maxwell's Capacitive Co  Air            0%         ∞         100%        8

Inventory:

Hand Weapons
 a - a +0 rapier {short}
 q - a +1 trident of protection {polearm}
   (You took it off an orc on level 3 of the Dungeon)
 r - the +8 dagger "Widowmaker" (weapon) {vorpal, Drain rF+ Dex+3 Stlth+, short}
   (You bought it in a shop on level 1 of the Dungeon)

   It inflicts extra damage upon your enemies.
   Dex:       It affects your dexterity (+3).
   rF:        It protects you from fire.
   Drain:     It drains your maximum health when unequipped.
   Stlth:     It makes you more stealthy.
Missiles
 g - 56 stones (quivered) {throwing}
 l - 12 boomerangs {throwing}
 v - 4 poisoned darts {throwing}
 J - 5 curare-tipped darts {=fthrowing}
Armour
 b - a +0 scale mail (worn)
 c - a +0 buckler (worn)
 k - a +0 cloak (worn)
   (You found it on level 6 of the Dungeon)
 L - a +1 helmet (worn)
   (You found it on level 7 of the Dungeon)
Magical Staves
 A - a staff of cold {!astaff}
   (You found it on level 4 of the Dungeon)
 C - a staff of earth {!astaff}
   (You found it on level 4 of the Dungeon)
 D - a staff of earth {!astaff}
   (You found it on level 4 of the Dungeon)
Jewellery
 w - a ring of protection from fire (left hand)
   (You found it on level 3 of the Dungeon)
 x - an amulet of regeneration (around neck) {@e2}
   (You found it on level 3 of the Dungeon)
 B - a ring of resist corrosion (right hand)
   (You found it on level 4 of the Dungeon)
Wands
 o - a wand of flame (21)
   (You found it on level 2 of the Dungeon)
 y - a wand of iceblast (13)
   (You found it on level 4 of the Dungeon)
Scrolls
 f - 2 scrolls of magic mapping {!r}
 h - 2 scrolls of enchant weapon
 i - 2 scrolls of fear {unknown}
 j - a scroll of enchant armour {unknown}
 m - 2 scrolls of teleportation {@r4}
 p - a scroll of vulnerability {unknown}
 F - a scroll of fog {unknown}
 G - a scroll of silence {unknown}
 I - a scroll of brand weapon {unknown}
Potions
 d - 2 potions of might
 e - 5 potions of curing {unknown}
 n - a potion of lignification {unknown}
 s - 2 potions of mutation {unknown}
 t - 3 potions of heal wounds {unknown}
 u - 3 potions of haste {unknown}
 z - 2 potions of attraction {unknown}
 E - 2 potions of brilliance {unknown}
 H - a potion of magic {unknown}
 K - a potion of cancellation {unknown}

Dungeon Overview and Level Annotations

Branches:
Dungeon (7/15)             Temple (0/1) D:5         Ossuary (1/1)

Altars:
Fedhas
Hepliaklqana
Ru

Shops:
D:1 (   D:4 (   D:6 (

Annotations:
D:4 Natasha

#..'.####......#......####.#..#
#..###...................###..#
#..#.#...................#.'..#
#..#.'........?!!........'.#..#
#..'.#.......!!$!?.......#.#..#
#..########..?$∩$?..########..#
#..#.'.......!?$M!.......'.'..#
#..#.#........MPMP.......#.#..#
#..'.#.........@P........#.#..#
#..###..........Z...'....###..#
#..#.####......#......#### +..#
#..#.#.........#........ #..#
#..'.#....#....#....#.... #..#
#..###....#....#....#....# #..#
#..#.'....#....#....#....# +..#
#..#.########'####'#####+# #..#
#..#...#...#...#...#...# #..#


You could see 3 mummies and an ogre zombie.


Message History

The helpless ogre zombie fails to defend itself.
You skewer the ogre zombie like a kebab!!!
You destroy the ogre zombie!
Fedhas accepts your kill.
No target in view!
No target in view!
No target in view!
No target in view!
No target in view!
No target in view!
No target in view!
You open the door. 5 mummies come into view.
Found seven items.
Found a gate leading back out of this place.
There are monsters nearby!
There are monsters nearby!
There is an open door here.
There is a click, and some walls slide away!
An ogre zombie comes into view.
The mummy hits you.
You see here a fuming golden potion. 😕 HP[-5] MP[-1]
You take 5 damage, and now have 35/40 hp.
You lost 1 mp, and now have 8/9 mp.
You are too injured to fight recklessly!
You are too injured to fight recklessly!
You are too injured to fight recklessly!
You are too injured to fight recklessly!
You are too injured to fight recklessly!
You are too injured to fight recklessly!
You are too injured to fight recklessly!
You are too injured to fight recklessly!
You are too injured to fight recklessly!
You are too injured to fight recklessly!
You are too injured to fight recklessly!
You are too injured to fight recklessly!
You are too injured to fight recklessly!
You are too injured to fight recklessly!
You are too injured to fight recklessly!
You are too injured to fight recklessly!
You are too injured to fight recklessly!
You are too injured to fight recklessly!
Unknown command.
You see here a scroll labelled SIDIOM HOMIO. 😕 HP[+2]
You regained 2 hp, and now have 37/40 hp.
The helpless mummy fails to defend itself.
You stick the mummy like a pincushion!!!!
You destroy the mummy!
Fedhas accepts your kill. You block the mummy's attack.
The mummy hits you. 😕 HP[-2]
You take 2 damage, and now have 35/40 hp.
You puncture the mummy! Your bite misses the mummy.
The mummy hits you! 😮 HP[-8] MP[-3]
You take 8 damage, and now have 27/40 hp.
You lost 3 mp, and now have 5/9 mp.
Unknown command.
You hit the mummy. You bite the mummy. You drain its power.
You feel invigorated. The mummy hits you but does no damage.
You block the mummy's attack. 😮 HP[+1] MP[+4]
Your mp is fully restored (9).
You hit the mummy.
You destroy the mummy!
Fedhas accepts your kill. The mummy hits you! 😮 HP[-5] MP[-2]
You take 5 damage, and now have 23/40 hp.
You lost 2 mp, and now have 7/9 mp.
You hit the mummy. You bite the mummy. You drain its power.
You feel invigorated. The mummy hits you!
* * * LOW HITPOINT WARNING * * *
The mummy closely misses you. 😨 HP[-7] MP[-1]
You take 7 damage, and now have 16/40 hp.
You lost 1 mp, and now have 6/9 mp.
A briar patch grows up from the ground. x4; The mummy barely misses you.
You block the ogre zombie's attack. The mummy hits you!
* * * LOW HITPOINT WARNING * * *
😱 HP[-11] MP[-5]
You take 11 damage, and now have 5/40 hp.
MASSIVE DAMAGE!! (PAUSE)
You lost 5 mp, and now have 1/9 mp.
You stalk carefully through the plants. 😱 HP[+2]
You regained 2 hp, and now have 7/40 hp.
Okay, then.
Okay, then.
Okay, then.
Okay, then.
Okay, then.
As you read the scroll of teleportation {@r4}, it crumbles to dust.
You feel strangely unstable. The mummy hits you.
* * * LOW HITPOINT WARNING * * *
The mummy hits you.
You die...
Fedhas appreciates your contribution to the ecosystem.

Skill      XL: |  1  2  3  4  5  6  7  8 |
---------------+-------------------------+-----
Short Blades   | 2 3 |  3.0
Fighting       | 3 |  3.1
Dodging        | 1 |  1.2
Stealth        | 2 6 7 10 11 | 11.6
Throwing       | |  0.5
Armour         | |  2.4
Shields        | |  2.6
Invocations    | |  0.7

Action                   |  1- 3 |  4- 6 |  7- 9 || total
-------------------------+-------+-------+-------++-------
Melee: Rapier            |    93 |    24 |       ||   117
       Bite              |    17 |    17 |    31 ||    65
       Dagger            |       |    61 |   123 ||   184
Throw: Dart              |       |     2 |       ||     2
       Stone             |       |     4 |       ||     4
Invok: Wall of Briars    |       |     1 |     1 ||     2
  Use: Scroll            |       |       |     4 ||     4
 Stab: Sleeping          |       |     7 |    20 ||    27
Armor: Scale mail        |    43 |    27 |    27 ||    97
Dodge: Dodged            |    40 |    16 |    26 ||    82
Block: Buckler           |    17 |    26 |    22 ||    65

Levels and vault maps discovered:
D:1:      saegor_arrival_simple_c, layout_loops_ring,
          hellmonk_ecumenical_altar_heavens_door, serial_shops, shop_fountains
D:2:      layout_basic
D:3:      minmay_skewed_foursquare, layout_loops_ring,
          mainiacjoe_overflow_large_starburst, minmay_misc_feat_rows
D:4:      layout_cave_pools, serial_shops, nicolae_lakefront_shop, uniq_natasha,
          uniq_duvessa
D:5:      layout_loops_ring, nicolae_ru_sacrificial_ziggurat,
          minmay_temple_entry_slanted
D:6:      layout_basic, serial_shops, shop
D:7:      layout_loops_corners, mainiacjoe_overflow_alcove_3,
          gammafunk_ghost_icy, lightli_ossuary_entry_decrepit_ruins,
          grunt_ministairs_11, kennysheep_windowed_goal, uniq_joseph, uniq_pikel
Ossuary:  ossuary_boxes_badplayer

Notes
Turn   | Place    | Note
-------+----------+-------------------------------------------
     0 | D:1      | spaghetti the Vine Stalker Fighter began the quest for the
                  | Orb.
     0 | D:1      | Reached XP level 1. HP: 11/11 MP: 2/2
     0 | D:1      | magus.rc [v1.9.6]
    25 | D:1      | Found Wociti's Antique Weapon Shop.
    69 | D:1      | Reached skill level 2 in Short Blades
   117 | D:1      | Reached XP level 2. HP: 16/16 MP: 3/3
   134 | D:1      | magus.rc [v1.9.6]
   405 | D:1      | Reached skill level 3 in Fighting
   405 | D:1      | Reached XP level 3. HP: 16/20 MP: 4/4
   632 | D:1      | Reached skill level 1 in Dodging
   760 | D:1      | Found a faded altar of an unknown god.
   764 | D:1      | Prayed at the altar of an unknown god.
   764 | D:1      | Became a worshipper of Fedhas Madash
   764 | D:1      | Reached * piety under Fedhas
   845 | D:2      | magus.rc [v1.9.6]
  1211 | D:2      | You pick up a book of Alchemy and begin reading...
  1211 | D:2      | You add the spells Sublimation of Blood, Petrify and
                  | Irradiate to your library.
  1231 | D:2      | HP: 4/20 [worm (6)]
  1234 | D:2      | Gained mutation: Your natural rate of healing is unusually
                  | fast. [Vine Stalker growth]
  1234 | D:2      | Reached XP level 4. HP: 5/24 MP: 2/5
  1782 | D:3      | Reached skill level 3 in Short Blades
  1902 | D:1      | Bought a dazzling dagger for 154 gold pieces
  1902 | D:1      | Identified the +8 dagger "Widowmaker" {vorpal, Drain rF+
                  | Dex+3 Stlth+} (You bought it in a shop on level 1 of the
                  | Dungeon)
  2294 | D:3      | Found a hazy altar of Hepliaklqana.
  2310 | D:3      | Reached skill level 1 in Stealth
  2318 | D:3      | Reached skill level 2 in Stealth
  2318 | D:3      | Reached XP level 5. HP: 27/28 MP: 3/6
  2475 | D:3      | Reached ** piety under Fedhas
  2737 | D:3      | Found a blossoming altar of Fedhas.
  2759 | D:3      | Reached skill level 3 in Stealth
  2987 | D:4      | Noticed Natasha
  2993 | D:4      | Killed Natasha
  3076 | D:4      | Noticed Dowan
  3079 | D:4      | Noticed Duvessa
  3100 | D:4      | Killed Dowan
  3100 | D:4      | Killed Duvessa
  3101 | D:4      | Reached skill level 6 in Stealth
  3101 | D:4      | Reached XP level 6. HP: 32/32 MP: 2/7
  3239 | D:4      | You pick up a book of the Senses and begin reading...
  3239 | D:4      | You add the spells Dazzling Flash, Agony and Silence to
                  | your library.
  3261 | D:4      | Noticed Natasha
  3262 | D:4      | Noticed a black bear
  3269 | D:4      | Killed a black bear
  3270 | D:4      | Reached skill level 7 in Stealth
  3291 | D:4      | You pick up a book of the Senses and begin reading...
  3308 | D:4      | You pick up a book of Necromancy and begin reading...
  3308 | D:4      | You add the spells Pain, Animate Skeleton and Vampiric
                  | Draining to your library.
  3340 | D:4      | You pick up a book of Blasting and begin reading...
  3340 | D:4      | You add the spells Fulminant Prism, Iskenderun's Mystic
                  | Blast and Lee's Rapid Deconstruction to your library.
  3506 | D:4      | Found Qoluffoo's Weapon Shop.
  3557 | D:5      | Entered Level 5 of the Dungeon
  3579 | D:5      | Found a sacrificial altar of Ru.
  3585 | D:5      | Reached XP level 7. HP: 36/36 MP: 5/8
  3713 | D:5      | Reached skill level 8 in Stealth
  3718 | D:5      | You pick up a book of the Sky and begin reading...
  3718 | D:5      | You add the spells Summon Lightning Spire, Storm Form and
                  | Maxwell's Capacitive Coupling to your library.
  3763 | D:5      | Found a staircase to the Ecumenical Temple.
  3822 | D:5      | You pick up a book of Burglary and begin reading...
  3822 | D:5      | You add the spells Passwall, Ensorcelled Hibernation and
                  | Swiftness to your library.
  4162 | D:5      | Reached skill level 9 in Stealth
  4321 | D:6      | Reached skill level 10 in Stealth
  4321 | D:6      | Gained mutation: You have razor-sharp teeth. [Vine Stalker
                  | growth]
  4321 | D:6      | Reached XP level 8. HP: 40/40 MP: 9/9
  4512 | D:6      | Found Iloob's Weapon Shoppe.
  4575 | D:6      | Reached *** piety under Fedhas
  5353 | D:7      | Found a sand-covered staircase.
  5449 | Ossuary  | Entered an ossuary
  5472 | Ossuary  | Reached skill level 11 in Stealth
  5706 | Ossuary  | HP: 5/40 [mummy (13)]
  5708 | Ossuary  | Slain by a mummy

Vanquished Creatures
  2 ice beasts (D:5)
  2 black bears
  A necrophage (D:6)
  2 hounds
  2 orc priests
  3 centaur zombies (Ossuary)
  5 iguanas
  Natasha (D:4)
  An orc wizard (D:6)
  An ogre zombie (Ossuary)
  4 mummies (Ossuary)
  A gnoll (D:1)
  6 adders
  2 shadow imps (D:5)
  A white imp (D:6)
  3 adder zombies (Ossuary)
  2 worms
  3 dart slugs (D:1)
  9 orcs
  9 ball pythons
  3 bats
  4 endoplasms
  2 giant cockroaches
  3 goblins
  4 hobgoblins
  4 quokkas
  4 frilled lizards
  4 goblin zombies (Ossuary)
  4 hobgoblin zombies (Ossuary)
  8 kobolds
  2 kobold zombies (Ossuary)
  4 quokka zombies (Ossuary)
  10 rats
  6 rat zombies (Ossuary)
122 creatures vanquished.

Vanquished Creatures (collateral kills)
  Duvessa (D:4)
  Dowan (D:4)
  A kobold (D:4)
3 creatures vanquished.

Grand Total: 125 creatures vanquished

Table legend:
 A = Non-vault XP
 B = Vault XP
 C = Vault XP percentage of total XP
 D = Non-vault monster count
 E = Vault monster count
 F = Vault count percentage of total count
                 A         B        C        D         E       F
            +---------+---------+-------+---------+---------+-------
      Total |    1250 |     530 |  29.8 |      86 |      39 |  31.2
            +---------+---------+-------+---------+---------+-------
        D:1 |      52 |       0 |   0.0 |      21 |       0 |   0.0
        D:2 |      68 |       0 |   0.0 |      19 |       0 |   0.0
        D:3 |      71 |       8 |  10.1 |      10 |       5 |  33.3
        D:4 |     148 |     255 |  63.3 |      11 |       3 |  21.4
        D:5 |     528 |       0 |   0.0 |      16 |       0 |   0.0
        D:6 |     383 |       0 |   0.0 |       9 |       0 |   0.0
    Ossuary |       0 |     267 | 100.0 |       0 |      31 | 100.0
            +---------+---------+-------+---------+---------+-------

Illustrated notes

Table legend:
 A = Kills in this place as a percentage of kills in entire the game.
 B = Kills by you in this place as a percentage of kills by you in the entire game.
 C = Kills by friends in this place as a percentage of kills by friends in the entire game.
 D = Other kills in this place as a percentage of other kills in the entire game.
 E = Experience gained in this place as a percentage of experience gained in the entire game.
 F = Experience gained in this place divided by the number of levels of this place that you have seen.
                   A       B       C       D       E      F
               +-------+-------+-------+-------+-------+----------------------
         Total | 100.0 | 100.0 | 100.0 |   N/A | 100.0 | 222.5
       Dungeon |  75.2 |  74.6 | 100.0 |   N/A |  85.0 | 216.1
       Ossuary |  24.8 |  25.4 |   0.0 |   N/A |  15.0 | 267.0
               +-------+-------+-------+-------+-------+----------------------

Table legend: (Time is in decaauts)
 A = Elapsed time spent in this place.
 B = Non-inter-level travel time spent in this place.
 C = Inter-level travel time spent in this place.
 D = Time resting spent in this place.
 E = Time spent auto-exploring this place.
 F = Levels seen in this place.
 G = Mean time per level.
                   A        B        C        D        E       F      G
               +--------+--------+--------+--------+--------+-----+--------+
         Total |   5703 |   5296 |    407 |    281 |   4178 |   8 |  712.9 |
       Dungeon |   5449 |   5042 |    407 |    281 |   4042 |   7 |  778.4 |
       Ossuary |    253 |    253 |      0 |      0 |    136 |   1 |  253.0 |
               +--------+--------+--------+--------+--------+-----+--------+

Top non-repeatable levels by time:
     D:1: 1089 daAuts
     D:6: 1086 daAuts
     D:2: 992 daAuts
     D:3: 900 daAuts
     D:5: 693 daAuts
     D:4: 584 daAuts
 Ossuary: 253 daAuts
     D:7: 102 daAuts
